 Dungeon Crawl Stone Soup version 0.25-a0-474-ga8a2ee3 (webtiles) character file.

Game seed: 4199821988610020522, levelgen mode: deterministic

10957 Anathematize the Slicer (level 11, -4/77 HPs)
             Began as a Demonspawn Hunter on Feb 7, 2020.
             Was an Elder of Hepliaklqana.
             Killed from afar by an oklob plant (7 damage)
             ... with a splash of acid
             ... on level 1 of the Lair of Beasts.
             The game lasted 00:50:15 (11208 turns).

Anathematize the Slicer (Demonspawn Hunter)        Turns: 11208, Time: 00:50:16

Health: -4/77      AC: 10    Str: 15    XL:     11   Next: 43%
Magic:  16/16      EV: 12    Int: 13    God:    Hepliaklqana [****..]
Gold:   682        SH:  6    Dex: 14    Spells: 10/10 levels left

rFire    + . .     SeeInvis .   p - +7 pair of quick blades "Gyre" and "Gimble" {protect}
rCold    . . .     Gourm    .   (shield currently unavailable)
rNeg     . . .     Faith    .   A - +2 leather armour {rF+}
rPois    +         Spirit   .   (helmet restricted)
rElec    .         Reflect  +   F - +0 cloak
rCorr    .         Harm     .   (no gloves)
MR       .....                  (no boots)
Stlth    +++.......             z - +6 amulet of reflection
HPRegen  0.22/turn              d - ring of poison resistance
MPRegen  0.15/turn              (no ring)

@: no status effects
A: reduced essence, antennae 2, iridescent scales 2, powered by pain 2, spiny 2
a: Recall Ancestor, Ancestor Identity, Transference, Idealise, Renounce Religion


You were on level 1 of the Lair of Beasts.
You worshipped Hepliaklqana.
Hepliaklqana was greatly pleased with you.
You were not hungry.

You visited 3 branches of the dungeon, and saw 13 of its levels.

You collected 799 gold pieces.
You spent 117 gold pieces at shops.

Inventory:

Hand Weapons
 b - a +0 long sword
 g - a +3 short sword of freezing
 n - a +2 dagger of venom
 p - the +7 pair of quick blades "Gyre" and "Gimble" (weapon) {protect}
   (You found it on level 7 of the Dungeon)

   It grants its wielder temporary protection when it strikes (+7 to AC).
 B - a +3 dagger of electrocution
Missiles
 c - 2 javelins (quivered)
 t - 488 stones
 v - 30 poisoned darts
 G - 4 boomerangs
Armour
 A - a +2 leather armour of fire resistance (worn)
 F - a +0 cloak (worn)
 J - a +0 scale mail
Jewellery
 d - a ring of poison resistance (left hand)
 u - a cursed amulet of faith {unknown}
 z - a +6 amulet of reflection (around neck)
 E - an uncursed ring of fire
Wands
 r - a wand of random effects (35)
 D - a wand of disintegration (16)
 K - a wand of flame (45)
Scrolls
 e - 2 scrolls of blinking
 h - 5 scrolls of teleportation
 i - 2 scrolls of amnesia {unknown}
 l - a scroll of immolation {unknown}
 q - 4 scrolls of enchant weapon
 y - a scroll of noise {unknown}
 C - 3 scrolls of remove curse
 I - 2 scrolls of fear {unknown}
Potions
 a - 2 potions of cancellation
 j - 3 potions of ambrosia
 k - 3 potions of heal wounds
 m - 3 potions of brilliance
 o - 2 potions of haste
 s - 3 potions of magic
 w - a potion of curing
 x - 2 potions of invisibility
Comestibles
 f - 23 rations


   Skills:
 + Level 7.9 Fighting
 - Level 10.0 Short Blades
 * Level 8.0 Throwing
 + Level 0.5 Armour
 - Level 1.7 Dodging
 + Level 7.8 Stealth
 + Level 7.5 Invocations


You had 10 spell levels left.
You didn't know any spells.
Your spell library contained the following spells:

 Spells                   Type           Power        Failure   Level  Hunger
 Summon Small Mammal      Summ           #...         36%         1    ##.....
 Call Imp                 Summ           #.......     50%         2    ###....
 Call Canine Familiar     Summ           #.......     75%         3    ####...
 Summon Guardian Golem    Hex/Summ       #.......     75%         3    ####...
 Summon Ice Beast         Ice/Summ       #.......     98%         4    #####..
 Summon Lightning Spire   Summ/Air       #.......     98%         4    #####..


Dungeon Overview and Level Annotations

Branches:
Dungeon (11/15)            Temple (1/1) D:4            Lair (1/6) D:9
    Orc: D:9-12

Altars:
Ashenzari
Cheibriados
Elyvilon
Gozag
Hepliaklqana
Makhleb
Okawaru
Qazlal
Ru
Sif Muna
Wu Jian
Xom
Yredelemnul
Zin

Shops:
D:5 %   D:8 [

Annotations:
D:5 2 transporters, dipablo's ghost, novice FoFi
D:10 exclusion: downstairs
D:11 Gastronok
Lair:1 exclusion: oklob plant


Innate Abilities, Weirdness & Mutations

You have a pair of antennae on your head.
You are mostly covered in iridescent scales. (AC +4)
You sometimes gain power by taking damage.
You are mostly covered in sharp spines.
Your life essence is reduced to manifest your ancestor. (-10% HP)


Message History

The eight-headed hydra bites you.
You block the eight-headed hydra's attack. x2
The eight-headed hydra barely misses you.
The eight-headed hydra completely misses you.
The eight-headed hydra bites you.
The eight-headed hydra bites you but does no damage.
The oklob plant spits acid at you. The splash of acid hits you!
You are splashed with acid!
The eight-headed hydra bites you! The eight-headed hydra bites you.
You block the eight-headed hydra's attack.
The eight-headed hydra bites you.
* * * LOW HITPOINT WARNING * * *
The eight-headed hydra bites you but does no damage. x2
The eight-headed hydra bites you!
* * * LOW HITPOINT WARNING * * *
The eight-headed hydra bites you!
* * * LOW HITPOINT WARNING * * *
The oklob plant spits acid at you. The splash of acid hits you!
You die...

# ##. ....
.....
......###
.(.(...@#
.P....R.D..#
........####
....#.###
... .. ..
..# . ...
...#


You could see the friendly Corona-chan the hexer, an eight-headed hydra and an
oklob plant.

Vanquished Creatures
  3 two-headed ogres
  An unseen horror (D:11)
  Maurice (D:10)
  Prince Ribbit (D:6)
  A hippogriff (D:9)
  6 yaks (D:9)
  Sigmund (D:6)
  2 hungry ghosts
  3 vampire mosquitoes (D:9)
  A basilisk (D:9)
  A steam dragon (D:10)
  2 soldier ants (D:11)
  A sky beast (D:8)
  3 porcupines (D:9)
  4 orc warriors
  An ice beast (D:5)
  A black bear (D:9)
  2 phantoms
  2 ogres
  A centaur (D:8)
  5 crocodiles
  4 bullfrogs
  7 big kobolds
  Dowan (D:6)
  3 scorpions
  8 killer bees (D:8)
  9 wights
  A crimson imp (D:11)
  4 howler monkeys
  2 bullfrog zombies
  A quasit (D:8)
  3 jellies
  2 bullfrog skeletons
  A centaur skeleton (D:4)
  2 orc priests
  5 hounds
  8 orc wizards
  5 iguanas
  8 worker ants
  A hound zombie (D:5)
  10 adders
  13 gnolls
  3 shadow imps
  An ooze (D:3)
  4 adder skeletons
  A dart slug (D:2)
  2 worms
  5 leopard geckos
  47 orcs
  6 bats
  4 giant cockroaches
  10 goblins
  7 hobgoblins
  5 jackals
  A quokka (D:10)
  3 ball pythons
  A ball python skeleton (D:4)
  3 frilled lizards
  28 kobolds
  A quokka skeleton (D:2)
  8 rats
  A plant (D:9)
282 creatures vanquished.

Vanquished Creatures (collateral kills)
  Duvessa (D:6)
  A porcupine (D:9)
  3 ogres
  A bullfrog (D:6)
  An orc wizard (D:4)
  A worker ant (D:4)
  A hound skeleton (D:6)
  5 gnolls
  A shadow imp (D:5)
  3 orcs
  A giant cockroach (D:3)
  2 hobgoblins (D:3)
  9 kobolds (D:3)
  A leopard gecko zombie (D:6)
  A quokka zombie (D:5)
32 creatures vanquished.

Vanquished Creatures (others)
  An orc wizard (D:9)
  2 hexers
  3 ancestors (D:3)
6 creatures vanquished.

Grand Total: 320 creatures vanquished

Notes
Turn   | Place    | Note
-------+----------+-------------------------------------------
     0 | D:1      | Anathematize the Demonspawn Hunter began the quest for the
                  | Orb.
     0 | D:1      | Reached XP level 1. HP: 16/16 MP: 1/1
    90 | D:1      | Reached skill level 1 in Stealth
   221 | D:1      | Gained mutation: You have a pair of small antennae on your
                  | head. [demonic ancestry]
   221 | D:1      | Reached XP level 2. HP: 16/22 MP: 2/2
   454 | D:1      | Reached skill level 1 in Short Blades
  1009 | D:2      | Gained mutation: You have a pair of antennae on your head.
                  | [demonic ancestry]
  1009 | D:2      | Reached XP level 3. HP: 27/28 MP: 3/3
  1110 | D:2      | Found a white marble altar of Elyvilon.
  1203 | D:2      | Found a glowing silver altar of Zin.
  2017 | D:2      | Reached skill level 2 in Short Blades
  2017 | D:2      | Gained mutation: You are partially covered in sharp spines.
                  | [demonic ancestry]
  2017 | D:2      | Reached XP level 4. HP: 21/34 MP: 4/4
  2720 | D:3      | Found a hazy altar of Hepliaklqana.
  2760 | D:3      | Became a worshipper of Hepliaklqana the Forgotten
  2935 | D:3      | Reached XP level 5. HP: 30/36 MP: 5/5
  3316 | D:3      | Reached skill level 3 in Short Blades
  3368 | D:3      | Gained mutation: You sometimes gain a little power by
                  | taking damage. [demonic ancestry]
  3368 | D:3      | Reached XP level 6. HP: 42/42 MP: 6/6
  3485 | D:3      | Reached skill level 4 in Short Blades
  3526 | D:3      | Gained mutation: You are partially covered in iridescent
                  | scales. (AC +2) [demonic ancestry]
  3526 | D:3      | Reached XP level 7. HP: 14/47 MP: 7/7
  4187 | D:4      | Found a staircase to the Ecumenical Temple.
  4303 | D:4      | Reached skill level 5 in Throwing
  4573 | Temple   | Entered the Ecumenical Temple
  4664 | D:4      | Reached skill level 5 in Short Blades
  4890 | D:4      | Reached XP level 8. HP: 54/54 MP: 8/8
  5071 | D:4      | Reached * piety under Hepliaklqana
  5155 | D:5      | Entered Level 5 of the Dungeon
  5564 | D:5      | Found Cyeseh's Food Shop.
  5649 | D:5      | Found a transporter.
  5652 | D:5      | Found a transporter.
  5705 | D:5      | Noticed dipablo's ghost (novice FoFi)
  5865 | D:5      | Found a shattered altar of Ashenzari.
  5865 | D:5      | Found a faded altar of an unknown god.
  5870 | D:5      | Found a faded altar of an unknown god.
  5872 | D:5      | Found a shimmering blue altar of Sif Muna.
  5874 | D:5      | Found a burning altar of Makhleb.
  6185 | D:6      | Reached skill level 6 in Short Blades
  6206 | D:6      | Reached skill level 5 in Fighting
  6372 | D:6      | Reached ** piety under Hepliaklqana
  6373 | D:6      | Remembered your ancestor Corona-chan as a hexer
  6420 | D:6      | Noticed Duvessa
  6420 | D:6      | Noticed Dowan
  6433 | D:6      | Killed Duvessa
  6433 | D:6      | Reached skill level 1 in Invocations
  6440 | D:6      | Killed Dowan
  6440 | D:6      | Reached skill level 5 in Stealth
  6569 | D:6      | Noticed Prince Ribbit
  6573 | D:6      | Killed Prince Ribbit
  6573 | D:6      | Gained mutation: You sometimes gain power by taking damage.
                  | [demonic ancestry]
  6573 | D:6      | Reached XP level 9. HP: 46/61 MP: 10/10
  6618 | D:6      | Noticed Sigmund
  6622 | D:6      | Killed Sigmund
  6879 | D:7      | Found a shimmering altar of Xom.
  7015 | D:7      | Reached skill level 7 in Short Blades
  7371 | D:7      | Reached *** piety under Hepliaklqana
  7386 | D:7      | Found the +7 pair of quick blades "Gyre" and "Gimble"
                  | {protect}
  7481 | D:7      | Found a basalt altar of Yredelemnul.
  7787 | D:8      | Noticed a two-headed ogre
  7800 | D:8      | Killed a two-headed ogre
  8019 | D:8      | Reached skill level 8 in Short Blades
  8077 | D:8      | Found Mezijufo's Antique Armour Emporium.
  8080 | D:8      | Bought a cloak for 117 gold pieces
  8225 | D:8      | Gained mutation: You are mostly covered in sharp spines.
                  | [demonic ancestry]
  8225 | D:8      | Reached XP level 10. HP: 69/69 MP: 13/13
  8361 | D:8      | Reached skill level 5 in Invocations
  8370 | D:8      | Reached **** piety under Hepliaklqana
  8509 | D:9      | Noticed a two-headed ogre
  8514 | D:9      | Killed a two-headed ogre
  8689 | D:9      | Reached skill level 9 in Short Blades
  8790 | D:9      | Found a staircase to the Lair.
  9208 | D:9      | Gained mutation: You are mostly covered in iridescent
                  | scales. (AC +4) [demonic ancestry]
  9208 | D:9      | Reached XP level 11. HP: 52/75 MP: 16/16
 10145 | D:10     | Entered Level 10 of the Dungeon
 10382 | D:10     | Noticed Maurice
 10394 | D:10     | Killed Maurice
 10454 | D:10     | Noticed a two-headed ogre
 10474 | D:10     | Killed a two-headed ogre
 10891 | D:11     | Noticed Gastronok
 10980 | D:11     | Reached skill level 10 in Short Blades
 11028 | D:11     | Killed an unseen horror
 11086 | Lair:1   | Entered Level 1 of the Lair of Beasts
 11086 | Lair:1   | Noticed an oklob plant
 11088 | Lair:1   | Noticed an eight-headed hydra
 11208 | Lair:1   | HP: 3/77 [eight-headed hydra (7)]
 11208 | Lair:1   | Killed from afar by an oklob plant

Levels and vault maps discovered:
D:1:      lightli_arrival_isolated_outpost, layout_rooms
D:2:      layout_rooms, lemuel_round_altar, elyvilon_altar_1
D:3:      minmay_goblin_kobold_castle, layout_loops_ring, lemuel_doored_altar,
          first_ration
D:4:      layout_basic, minmay_temple_entry_sparse_star
D:5:      layout_cave_pools, chequers_temple_overflow_minitemple, serial_shops,
          shop_statue, gammafunk_ghost_hive
D:6:      layout_basic, uniq_prince_ribbit1, uniq_duvessa, uniq_sigmund
D:7:      layout_gridville, lemuel_round_altar, kennysheep_mini_moat
D:8:      layout_loops_ring, serial_shops, nicolae_shop_behind_doors
D:9:      layout_irregular_city, minmay_lair_entry_grove, blue_anna_alchemist
          [blue_anna_fruit_fields, blue_anna_fruit_fields]
D:10:     layout_roguey, uniq_maurice
D:11:     layout_rooms, david_orc_2, serial_shops, kennysheep_mini,
          minmay_the_grid_2x2 [minmay_the_grid_stretched_grid,
          minmay_the_grid_outer_diamond, minmay_the_grid_outer_circle,
          minmay_the_grid_prize_inner_circle], uniq_gastronok
Temple:   eino_temple_lava
Lair:1:   layout_cave_pods, dpeg_stationary_puzzle, grunt_megastairs_3

Skill      XL: |  1  2  3  4  5  6  7  8  9 10 11 |
---------------+----------------------------------+-----
Stealth        | 1 2 3 4 5 6 7 |  7.8
Short Blades   | 1 2 3 4 5 6 8 9 10 | 10.0
Throwing       | 4 5 6 7 8 |  8.0
Fighting       | 3 4 5 6 7 |  7.9
Invocations    | 2 4 6 7 |  7.5
Armour         | |  0.5
Dodging        | |  1.7

Action                   |  1- 3 |  4- 6 |  7- 9 | 10-12 || total
-------------------------+-------+-------+-------+-------++-------
Melee: Short sword       |   102 |       |    22 |       ||   124
       Dagger            |    53 |   172 |   233 |       ||   458
       Pair of quick bla |       |       |    23 |   264 ||   287
Throw: Javelin           |     8 |     4 |     4 |     6 ||    22
       Throwing net      |     3 |       |       |       ||     3
       Stone             |     6 |     3 |       |     6 ||    15
       Dart              |       |       |    12 |    16 ||    28
Invok: Ancestor Identity |       |       |     1 |       ||     1
       Ancestor Life: He |       |       |     1 |       ||     1
       Recall Ancestor   |       |       |       |     3 ||     3
  Use: Potion            |     2 |       |       |       ||     2
       Scroll            |       |       |     8 |     7 ||    15
 Stab: Held in net/web   |     2 |       |       |       ||     2
       Sleeping          |     1 |       |    21 |     5 ||    27
       Distracted        |       |       |     1 |     1 ||     2
       Confused          |       |       |       |     5 ||     5
  Eat: Chunk             |     3 |     5 |    15 |    10 ||    33
Armor: Leather armour    |    30 |     6 |    17 |    48 ||   101
       Ring mail         |       |    53 |    38 |       ||    91
Dodge: Dodged            |   103 |    65 |   101 |    64 ||   333
Block: Other             |       |       |       |     7 ||     7

Table legend:
 A = Non-vault XP
 B = Vault XP
 C = Vault XP percentage of total XP
 D = Non-vault monster count
 E = Vault monster count
 F = Vault count percentage of total count
                 A         B        C        D         E       F
            +---------+---------+-------+---------+---------+-------
      Total |   11512 |    4141 |  26.5 |     249 |      65 |  20.7
            +---------+---------+-------+---------+---------+-------
        D:1 |      21 |       0 |   0.0 |      13 |       0 |   0.0
        D:2 |      84 |       0 |   0.0 |      21 |       0 |   0.0
        D:3 |     187 |     681 |  78.5 |      28 |      43 |  60.6
        D:4 |     460 |       0 |   0.0 |      29 |       0 |   0.0
        D:5 |     453 |       0 |   0.0 |      19 |       0 |   0.0
        D:6 |     560 |     711 |  55.9 |      18 |       4 |  18.2
        D:7 |     608 |       0 |   0.0 |      16 |       0 |   0.0
        D:8 |    2396 |     141 |   5.6 |      25 |       2 |   7.4
        D:9 |    4050 |    1768 |  30.4 |      46 |      12 |  20.7
       D:10 |    1556 |     508 |  24.6 |      22 |       1 |   4.3
       D:11 |    1137 |     332 |  22.6 |      12 |       3 |  20.0
            +---------+---------+-------+---------+---------+-------
